 Dungeon Crawl Stone Soup version 0.31.0-12-g77e489cdc1 (webtiles) character file.

Game seed: 10274715306099863111

14247 ChadusMaximus the Summoner (level 12, -4/89 HPs)
             Began as a Barachi Summoner on Mar 3, 2024.
             Was an Elder of Hepliaklqana.
             Slain by a cane toad (19 damage)
             ... on level 1 of the Lair of Beasts.
             The game lasted 00:20:56 (14262 turns).

ChadusMaximus the Summoner (Barachi Summoner)      Turns: 14262, Time: 00:20:57

Health: -4/89      AC: 12    Str: 10    XL:     12   Next: 14%
Magic:  13/25      EV: 16    Int: 19    God:    Hepliaklqana [****..]
Gold:   1527       SH:  0    Dex: 14    Spells: 19/29 levels left

rFire   . . .        L - +5 short sword (drain)
rCold   . . .        (no shield)
rNeg    . . .        x - +3 leather armour {rPois}
rPois   +            Q - +0 helmet
rElec   .            H - scarf {repulsion}
rCorr   .            n - +1 pair of gloves
SInv    +            c - +2 pair of boots
Will    .....        (no amulet)
Stlth   ++           F - ring of see invisible
HPRegen 0.34/turn    (no ring)
MPRegen 0.19/turn

%: repel missiles
@: slow
A: reduced essence, amphibious, slowness 1, strong legs 1, +LOS
a: Hop, Renounce Religion, Recall Ancestor, Ancestor Identity, Transference,
Idealise


You were on level 1 of the Lair of Beasts.
You worshipped Hepliaklqana.
Hepliaklqana was greatly pleased with you.
You visited 3 branches of the dungeon, and saw 12 of its levels.
You also visited: Bailey.

You collected 1527 gold pieces.

Inventory:

Hand Weapons
 f - a +0 sling
 u - a +0 halberd
 L - a +5 short sword of draining (weapon)
Missiles
 q - a throwing net
Armour
 a - a +0 robe
 c - a +2 pair of boots (worn)
 n - a +1 pair of gloves (worn)
 x - a +3 leather armour of poison resistance (worn)
 B - a +0 cloak
 H - a scarf of repulsion (worn)
 Q - a +0 helmet (worn)
Jewellery
 r - a ring of fire
 F - a ring of see invisible (left hand)
Wands
 J - a wand of paralysis (7)
 N - a wand of flame (16)
Scrolls
 e - 5 scrolls of teleportation
 h - a scroll of poison
 i - 3 scrolls of amnesia
 l - 2 scrolls of immolation
 w - a scroll of fog {unknown}
 y - 4 scrolls of enchant weapon
 z - 2 scrolls of summoning
 A - 3 scrolls of noise
 C - a scroll of brand weapon {unknown}
 I - 4 scrolls of vulnerability
 K - a scroll of torment {unknown}
 O - a scroll of fear {unknown}
Potions
 b - 2 potions of magic
 d - a potion of berserk rage {unknown}
 g - 2 potions of resistance {unknown}
 j - 3 potions of enlightenment
 k - 2 potions of cancellation
 m - 3 potions of curing
 o - 2 potions of haste {unknown}
 p - 2 potions of degeneration {unknown}
 s - 3 potions of attraction {unknown}
 t - 5 potions of heal wounds {unknown}
 v - 3 potions of might {unknown}
 E - a potion of mutation {unknown}
 G - 4 potions of invisibility {unknown}
 M - 2 potions of brilliance {unknown}


   Skills:
 + Level 10.6 Fighting
 + Level 10.1 Dodging
 - Level 1.7 Stealth
 - Level 9.0 Spellcasting
 - Level 14.9 Summonings


You had 19 spell levels left.
You knew the following spells:

 Your Spells              Type           Power      Damage    Failure   Level
a - Summon Small Mammal   Summ           100%       N/A       1%          1
b - Call Canine Familiar  Summ           60%        N/A       1%          3
c - Call Imp              Summ           100%       N/A       1%          2
d - Summon Lightning Spi  Summ/Air       36%        N/A       5%          4

Your spell library contained the following spells:

 Spells                   Type           Power      Damage    Failure   Level
 Summon Blazeheart Golem  Fire/Summ      36%        N/A       5%          4
 Apportation              Tloc           16%        N/A       11%         1
 Magic Dart               Conj           32%        1d4       11%         1
 Shock                    Conj/Air       32%        1d5       11%         1
 Jinxbite                 Hex            16%        N/A       17%         2
 Searing Ray              Conj           16%        2d5       17%         2
 Swiftness                Air            8%         N/A       32%         3
 Airstrike                Air            4%         2d(1-17)  73%         4
 Fulminant Prism          Conj/Alch      4%         3d5       73%         4
 Alistair's Intoxication  Alch           5%         N/A       97%         5
 Haunt                    Necr/Summ      18%        N/A       99%         7
 Borgnjor's Revivificati  Necr           4%         N/A       100%        8
 Death's Door             Necr           4%         N/A       100%        9


Dungeon Overview and Level Annotations

Branches:
Dungeon (10/15)            Temple (1/1) D:4            Lair (1/5) D:8
    Orc (0/2) D:10         Bailey (visited)

Altars:
Ashenzari
Cheibriados
Dithmenos
Elyvilon
Fedhas
Gozag
Hepliaklqana
Kikubaaqudgha
Makhleb
Nemelex Xobeh
Okawaru
Qazlal
Ru
Sif Muna
Trog
Uskayaw
Vehumet
Wu Jian
Xom
Yredelemnul
Zin
The Shining One

Shops:
D:6 *

Annotations:
Temple 2 transporters


Innate Abilities, Weirdness & Mutations

Your life essence is reduced to manifest your ancestor. (-10% HP)
You are amphibious.
You cover ground slowly.
You can hop short distances.
You have an extended range of vision and can be seen from far away.


Message History

Confirm with . or Enter, or press ? or * to list all spells.
You don't know that spell.
It was a potion of enlightenment.
You feel very buoyant.
You fly up into the air.
The cane toad stings you but does no damage.
The cane toad attacks as it pursues you!
The cane toad barely misses you. The cane toad stings you!
* * * LOW HITPOINT WARNING * * *
Unknown command.
Okay, then.
Okay, then.
It was a potion of cancellation.
Your magical effects are unravelling.
You feel magically purged.
You float gracefully downwards.
Floosh!
You fall into the deep water.
Your enlightenment fades.
The cane toad stings you.
* * * LOW HITPOINT WARNING * * *
It was a potion of curing.
You feel better.
Your lightning spire disappears in a puff of smoke!
The cane toad misses you.
Paser closely misses the cane toad.
Okay, then.
As you read the scroll of summoning, it crumbles to dust.
Wisps of shadow whirl around you...
You are ready to hop once more.
The cane toad closely misses you. The cane toad stings you!
* * * LOW HITPOINT WARNING * * *
You feel better.
Paser hits the cane toad with a +0 flail.
The cane toad barely misses you.
You swap places.
Your cane toad stings the cane toad!
The cane toad closely misses you.
Paser barely misses the cane toad.
Your cane toad stings the cane toad!
Unknown command.
You barely miss the cane toad.
The cane toad is severely wounded.
The cane toad stings you!!
You die...

###.##.#
.##...#..##
..........#
#.####....###### #
#.P.†.†...##
#...~~~~~~.##
#..~~≈Y≈≈≈~.#
#~~Y≈≈≈≈≈≈~~##
##P##.~≈≈@.~≈≈≈~~#
.....~Y≈RF<.≈≈~..#
..##..≈≈~F.~~~~.##
##~~~~≈≈≈†≈~~#
#..~≈≈≈~~~~.#
##.~~~~≈~.~...
#....~.~.##.##
#..#####P# ## #.#
##


You could see the friendly Paser the knight, 3 yaks, a cane toad (ally target)
and a friendly cane toad (summoned).

Vanquished Creatures
  A troll (D:9)
  A blink frog (Lair:1)
  A wraith (D:9)
  An acid dragon (D:10)
  An ogre (D:6)
  A wight (D:6)
  3 killer bees (D:10)
  2 howler monkeys (D:9)
  A bombardier beetle (D:4)
  3 hounds
  A gnoll bouda (D:8)
  A jelly (D:7)
  An iguana (D:6)
  A sleepcap (D:8)
  An ogre zombie (D:10)
  2 gnolls (D:4)
  2 adders
  A white imp (D:7)
  3 dart slugs
  2 orcs
  7 endoplasms
  2 giant cockroaches
  6 goblins
  7 hobgoblins
  5 jackals
  A quokka (D:1)
  4 ball pythons
  4 bats
  4 frilled lizards
  A gnoll skeleton (D:10)
  5 kobolds
  An orc skeleton (D:10)
  2 orc zombies (D:10)
  A rat (D:3)
80 creatures vanquished.

Vanquished Creatures (collateral kills)
  Snorg (D:10)
  A two-headed ogre (D:9)
  3 orc knights (Bailey)
  Pikel (D:4)
  Jeremiah (D:7)
  Maggie (D:10)
  Psyche (D:9)
  A rime drake (Lair:1)
  2 trolls
  2 blink frogs (Lair:1)
  Grinder (D:4)
  7 yaks
  Sigmund (D:2)
  A shadow (D:10)
  2 wraiths
  A wyvern (D:9)
  A vampire (D:9)
  Eustachio (D:5)
  A steam dragon (D:8)
  A two-headed ogre zombie (D:10)
  Edmund (D:4)
  An acid dragon (D:10)
  2 water moccasins
  Duvessa (D:7)
  The ghost of Tmolino the Trooper, an amateur OnBe of Trog (D:4)
  11 orc warriors
  A hornet zombie (D:6)
  2 black bears
  2 sky beasts (D:7)
  4 ogres
  4 centaurs
  5 phantoms
  A kobold brigand (D:6)
  3 bullfrogs
  A gnoll sergeant (D:9)
  A scorpion (D:6)
  Dowan (D:7)
  6 wights
  3 troll zombies (D:10)
  8 killer bees
  3 howler monkeys
  A nameless horror (D:7)
  A bombardier beetle (D:8)
  A centaur zombie (D:6)
  Crazy Yiuf (D:5)
  3 bullfrog zombies (D:6)
  7 orc priests
  2 hounds (D:7)
  5 iguanas
  A sleepcap (D:7)
  9 orc wizards
  A killer bee zombie (D:6)
  3 ogre zombies (D:10)
  A howler monkey zombie (D:6)
  13 gnolls
  2 adders
  A shadow imp (D:7)
  2 ufetubi (D:7)
  61 orcs
  A bat (D:3)
  3 gnoll zombies (D:10)
  A goblin (D:3)
  A hobgoblin (D:1)
  A quokka (D:4)
  2 ball pythons
  2 gnoll skeletons (D:10)
  3 kobolds
  4 orc skeletons (D:10)
  12 orc zombies (D:10)
238 creatures vanquished.

Vanquished Creatures (others)
  3 knights
  6 ancestors
9 creatures vanquished.

Grand Total: 327 creatures vanquished

Notes
Turn   | Place    | Note
-------+----------+-------------------------------------------
     0 | D:1      | ChadusMaximus the Barachi Summoner began the quest for the
                  | Orb.
     0 | D:1      | Reached XP level 1. HP: 13/13 MP: 3/3
    69 | D:1      | Reached skill level 5 in Summonings
   158 | D:1      | Reached XP level 2. HP: 19/19 MP: 5/5
   487 | D:1      | Found a faded altar of an unknown god.
   607 | D:1      | Reached XP level 3. HP: 24/24 MP: 7/7
  1521 | D:2      | Noticed Sigmund
  1568 | D:2      | Killed Sigmund
  1569 | D:2      | Reached skill level 7 in Summonings
  1569 | D:2      | Reached XP level 4. HP: 28/30 MP: 3/9
  1569 | D:2      | Reached XP level 5. HP: 33/35 MP: 3/10
  1860 | D:2      | Learned a level 3 spell: Call Canine Familiar
  1863 | D:2      | Learned a level 2 spell: Call Imp
  1923 | D:3      | Noticed a water moccasin
  1935 | D:3      | Killed a water moccasin
  1936 | D:3      | Reached XP level 6. HP: 41/41 MP: 1/12
  2229 | D:3      | Found a blossoming altar of Fedhas.
  2258 | D:3      | Found a bloodstained altar of Trog.
  2397 | D:3      | Reached skill level 8 in Summonings
  3252 | D:4      | Reached XP level 7. HP: 45/46 MP: 8/13
  3483 | D:4      | Found a runed translucent door.
  3505 | D:4      | Learned a level 4 spell: Summon Lightning Spire
  3524 | D:4      | Noticed Tmolino's ghost (amateur OnBe)
  3577 | D:4      | Noticed Grinder
  3594 | D:4      | Killed Grinder
  3595 | D:4      | Reached skill level 5 in Spellcasting
  3595 | D:4      | Reached skill level 9 in Summonings
  3779 | D:4      | Noticed Edmund
  3814 | D:4      | Killed Edmund
  3819 | D:4      | Reached XP level 8. HP: 29/52 MP: 3/16
  4010 | D:4      | Noticed Pikel
  4022 | D:4      | Killed Pikel
  4023 | D:4      | Reached skill level 10 in Summonings
  4141 | D:4      | Found a staircase to the Ecumenical Temple.
  4154 | Temple   | Found a transporter.
  4154 | Temple   | Found a transporter.
  4154 | Temple   | Found a transporter.
  4154 | Temple   | Found a transporter.
  4154 | Temple   | Entered the Ecumenical Temple
  4175 | Temple   | Became a worshipper of Hepliaklqana the Forgotten
  4343 | D:4      | Reached skill level 11 in Summonings
  4862 | D:4      | Killed Tmolino's ghost
  4907 | D:5      | Entered Level 5 of the Dungeon
  5167 | D:5      | Found a runed translucent door.
  5168 | D:5      | Noticed Crazy Yiuf
  5248 | D:5      | Reached XP level 9. HP: 53/57 MP: 12/19
  5496 | D:5      | Found an iron altar of Okawaru.
  5552 | D:5      | Noticed Eustachio
  5579 | D:5      | Killed Eustachio
  5580 | D:5      | Reached skill level 12 in Summonings
  6022 | D:5      | Found an ornate altar of the Wu Jian Council.
  6064 | D:5      | Reached * piety under Hepliaklqana
  6487 | D:5      | Killed Crazy Yiuf
  6947 | D:6      | Reached skill level 13 in Summonings
  7136 | D:6      | Found a shimmering altar of Xom.
  7138 | D:6      | Found a shimmering altar of Xom.
  7140 | D:6      | Found a shimmering altar of Xom.
  7322 | D:6      | Found Beleih's Serpentskin Sales.
  7490 | D:6      | Found a basalt altar of Yredelemnul.
  7968 | D:6      | Reached skill level 14 in Summonings
  7968 | D:6      | Reached XP level 10. HP: 48/56 MP: 22/22
  8591 | D:7      | Noticed Duvessa
  8592 | D:7      | Noticed Dowan
  8611 | D:7      | Killed Duvessa
  8659 | D:7      | Killed Dowan
  8817 | D:7      | Noticed Jeremiah
  8863 | D:7      | Killed Jeremiah
  8964 | D:7      | Reached ** piety under Hepliaklqana
  8965 | D:7      | Remembered your ancestor Paser as a knight
  9206 | D:7      | Reached skill level 1 in Fighting
  9688 | D:8      | Identified a scroll of acquirement
  9706 | D:8      | Found a staircase to the Lair.
  9789 | D:8      | Found a snail-covered altar of Cheibriados.
 10067 | D:8      | Found a flagged portal.
 10081 | Bailey   | Entered a bailey
 10236 | Bailey   | Noticed an orc knight
 10249 | Bailey   | Killed an orc knight
 10250 | Bailey   | Reached skill level 5 in Fighting
 10250 | Bailey   | Reached skill level 5 in Dodging
 10418 | Bailey   | Noticed an orc knight
 10426 | Bailey   | Noticed an orc knight
 10441 | Bailey   | Killed an orc knight
 10442 | Bailey   | Reached XP level 11. HP: 72/72 MP: 9/24
 10462 | Bailey   | Killed an orc knight
 11443 | D:9      | Noticed a two-headed ogre
 11450 | D:9      | Killed a two-headed ogre
 11655 | D:9      | Noticed Psyche
 11664 | D:9      | Killed Psyche
 12004 | D:9      | Reached *** piety under Hepliaklqana
 12357 | D:9      | Found a stormy altar of Qazlal.
 12613 | D:10     | Entered Level 10 of the Dungeon
 12647 | D:10     | Found a hide-covered altar of Uskayaw.
 12818 | D:10     | Acquired 816 gold pieces
 12869 | D:10     | Noticed Snorg
 12898 | D:10     | Killed Snorg
 13254 | D:10     | Found a staircase to the Orcish Mines.
 13493 | D:10     | Found a shimmering blue altar of Sif Muna.
 13562 | D:10     | Found a sacrificial altar of Ru.
 13833 | D:10     | Noticed Maggie
 13847 | D:10     | Killed Maggie
 13848 | D:10     | Reached skill level 10 in Fighting
 13934 | D:10     | Reached **** piety under Hepliaklqana
 13946 | D:10     | Reached XP level 12. HP: 82/87 MP: 16/25
 14041 | Lair:1   | Entered Level 1 of the Lair of Beasts
 14248 | Lair:1   | Reached skill level 10 in Dodging
 14256 | Lair:1   | HP: 4/89 [cane toad (10)]
 14262 | Lair:1   | Slain by a cane toad

Illustrated notes

Levels and vault maps discovered:
D:1:      dpeg_arrival_shrine, layout_loops_ring,
          chequers_ecumenical_altar_simple_redux,
          hangedman_decor_clover_reticule, minmay_octomino_j4
D:2:      layout_loops_ring, st_stairs_6, uniq_sigmund
D:3:      layout_basic, mainiacjoe_overflow_concentric_impassable,
          lemuel_coloured_pillars_altar
D:4:      layout_basic, minmay_temple_entry_glassed_door, gammafunk_ghost_grave,
          uniq_grinder, uniq_edmund, uniq_pikel
D:5:      layout_gridville, nicolae_wu_jian_glorious_leap,
          amcnicky_altar_gilded, uniq_crazy_yiuf_cottage, uniq_eustachio
D:6:      layout_basic, xom_redecorated, nicolae_yredelemnul_corpse_copse,
          guppyfry_shop_venom
D:7:      layout_loops_ring, uniq_jeremiah, uniq_duvessa
D:8:      layout_cave_pods, slow_altar_1, lair_entry_dummy, special_room
          [special_room_orc], enter_bailey_2
D:9:      layout_irregular_city, nicolae_qazlal_eye_of_the_storm, uniq_psyche
D:10:     layout_irregular_city, general_overflow_altar,
          nicolae_uskayaw_dance_hall, hellmonk_sif_muna_bookshelves,
          zombieorc2_lemuel, uniq_snorg, uniq_maggie
Temple:   hellmonk_temple_divided_pantheon
Lair:1:   layout_loops_ring, chequers_serial_rivers_room_a,
          serial_bayou_shore_b, infiniplex_staircase_pool_2

Skill      XL: |  1  2  3  4  5  6  7  8  9 10 11 12 |
---------------+-------------------------------------+-----
Summonings     | 5 7 8 9 11 14 | 14.9
Spellcasting   | 3 4 5 6 8 9 |  9.0
Fighting       | 5 10 | 10.6
Dodging        | 6 9 10 | 10.1
Stealth        | |  1.7

Action                     |  1- 3 |  4- 6 |  7- 9 | 10-12 || total
---------------------------+-------+-------+-------+-------++-------
  Melee: Falchion          |    12 |       |       |       ||    12
         Unarmed           |     6 |       |       |       ||     6
         Short sword       |       |       |       |    89 ||    89
         Punch             |       |       |       |     1 ||     1
   Fire: Sling             |    85 |    46 |   229 |    68 ||   428
   Cast: Summon Small Mamm |    13 |     4 |    23 |    20 ||    60
         Call Canine Famil |       |     7 |    27 |    51 ||    85
         Call Imp          |       |     5 |    17 |    40 ||    62
         Summon Lightning  |       |       |    17 |    48 ||    65
 Invoke: Ancestor Life: Kn |       |       |       |     1 ||     1
Ability: Hop               |       |       |     1 |     3 ||     4
    Use: Scroll            |       |       |       |    13 ||    13
         Potion            |       |       |       |     5 ||     5
   Stab: Sleeping          |     1 |       |       |       ||     1
         Distracted        |       |       |       |     1 ||     1
 Armour: Robe              |    41 |    17 |    58 |       ||   116
         Leather armour    |       |       |    61 |   152 ||   213
  Dodge: Dodged            |    46 |    29 |   122 |   148 ||   345
         Repelled          |       |       |     1 |     2 ||     3
